 Dungeon Crawl Stone Soup version 0.31-a0-1042-ga9834b393d (webtiles) character file.

Game seed: 11766733811353130353

103 Dirtsage the Magician (level 5, -3/38 HPs)
             Began as a Djinni Conjurer on Nov 19, 2023.
             Killed from afar by an orc wizard (8 damage)
             ... with a magic dart
             ... on level 3 of the Dungeon.
             The game lasted 00:06:09 (1753 turns).

Dirtsage the Magician (Djinni Conjurer)             Turns: 1753, Time: 00:06:09

Health: -3/38      AC:  2    Str:  6    XL:     5   Next: 6%
Gold:   89         EV: 12    Int: 21    God:
                   SH:  0    Dex: 12

rFire   + + +        (no weapon)
rCold   . . .        (no shield)
rNeg    . . .        a - +0 robe
rPois   ∞            (no helmet)
rElec   +            (no cloak)
rCorr   +            (no gloves)
SInv    .            (boots unavailable)
Will    .....        (no amulet)
Stlth   ++           (no ring)
HPRegen 0.26/turn    (no ring)
MPRegen 0.00/turn

%: infuse magic (-4 HP)
@: resistant, flying
A: sickness immunity, fire resistance 2, cold vulnerability 1, float, innate
caster, HP casting, extra vitality 1
a: no special abilities


You were on level 3 of the Dungeon.
You visited 1 branch of the dungeon, and saw 3 of its levels.

You collected 89 gold pieces.

Inventory:

Armour
 a - a +0 robe (worn)
Wands
 e - a wand of charming (6)
Scrolls
 b - 2 scrolls of vulnerability {unknown}
 c - a scroll of revelation {unknown}
 f - a scroll of poison {unknown}


   Skills:
 + Level 2.2 Fighting
 - Level 2.1 Dodging
 - Level 1.5 Stealth
 * Level 4.3 Spellcasting
 * Level 4.3 Conjurations
 * Level 4.3 Hexes
 * Level 4.3 Summonings
 * Level 4.3 Necromancy
 * Level 4.3 Translocations
 * Level 4.3 Transmutations
 * Level 4.3 Fire Magic
 * Level 4.3 Ice Magic
 * Level 4.3 Air Magic
 * Level 4.3 Earth Magic
 * Level 4.3 Poison Magic


You knew the following spells:

 Your Spells              Type           Power      Damage    Failure   Level
a - Magic Dart            Conj           88%        1d7       1%          1
b - Searing Ray           Conj           44%        2d6       3%          2
c - Dazzling Flash        Conj/Hex       44%        N/A       6%          3
d - Fulminant Prism       Conj/Hex       11%        3d8       19%         4
e - Ensorcelled Hibernat  Hex/Ice        44%        N/A       3%          2
s - Slow                  Hex            88%        N/A       1%          1
x - Iskenderun's Mystic   Conj/Tloc      22%        2d6       19%         4
Your spell library was empty.

Dungeon Overview and Level Annotations

Branches:
Dungeon (3/15)

Altars:


Innate Abilities, Weirdness & Mutations

You are immune to sickness and miasma.
You are immune to poison.
Your flesh is very heat resistant. (rF++)
You are vulnerable to cold. (rC-)
You float through the air rather than walking.
You learn spells naturally, not from books.
Your magical power is your life essence.
You have superior vitality. (+4 MHP)


Message History

Aim: an orc wizard, wielding a +0 dagger and wearing a +0 robe (100% to hit)
The magic dart hits the orc wizard.
The orc wizard is lightly wounded.
Aiming: Magic Dart (safe; 1% risk of failure)
Press: ? - help, Q - select action, (/) - cycle Shift-Dir - straight line, f/p - orc wizard
Aim: an orc wizard, wielding a +0 dagger and wearing a +0 robe (lightly wounded, 100% to hit)
The magic dart hits the orc wizard.
The orc wizard is moderately wounded.
You take 1 damage, and have 19/38 hp.
Casting: Magic Dart (safe; 1% risk of failure)
Confirm with . or Enter, or press ? or * to list all spells.
Aiming: Searing Ray (safe; 3% risk of failure)
Press: ? - help, Shift-Dir - straight line, p - orc wizard The searing ray misses the orc wizard. (Press . to maintain the ray.)
The orc wizard casts a spell at you.
You are confused.
You take 2 damage, and have 17/38 hp.
The orc wizard hits you with a +0 dagger.
You take 4 damage, and have 13/38 hp.
It was a potion of resistance.
You feel protected.
The orc wizard hits you with a +0 dagger.
* * * LOW HITPOINT WARNING * * *
You take 3 damage, and have 10/38 hp.
The orc wizard gestures at you while chanting.
The magic dart hits you.
* * * LOW HITPOINT WARNING * * *
Your magical contamination has completely faded away.
You take 5 damage, and have 5/38 hp.
The orc wizard completely misses you.
You feel less confused.
The orc wizard hits you with a +0 dagger.
* * * LOW HITPOINT WARNING * * *
Things that are here:
a +0 short sword; 2 boomerangs; an orc corpse You see here a +0 club.
The orc wizard gestures at you while chanting.
The magic dart hits you!
You die...

#.###)# #.#<..# #.#####
##############.#
#.....#.....##.#
#.....#.###.#..#
#.)...#...#.#.## #
)..###.....###.#.#.##.#####
#.........@..†............
#...##.).o)###)#.#####.##.#
# . #)....# #.#.# #
#.).........#..
#.##.############## ......
.##.#.# #...<# #.....##


You could see an orc wizard.

Vanquished Creatures
  4 gnolls (D:2)
  5 orcs (D:3)
  5 ball pythons
  4 bats (D:1)
  4 endoplasms
  3 giant cockroaches (D:1)
  8 goblins
  A hobgoblin (D:1)
  8 jackals (D:2)
  A kobold (D:2)
  2 quokkas
  5 frilled lizards
  5 rats
55 creatures vanquished.

Notes
Turn   | Place    | Note
-------+----------+-------------------------------------------
     0 | D:1      | Dirtsage the Djinni Conjurer began the quest for the Orb.
     0 | D:1      | Dirtsage set off with the following spells memorised: Magic
                  | Dart, Searing Ray, Dazzling Flash, Fulminant Prism,
                  | Iskenderun's Mystic Blast.
     0 | D:1      | Reached XP level 1. HP: 15/15 MP: 0/0
   155 | D:1      | Reached XP level 2. HP: 20/22 MP: 0/0
   389 | D:1      | Reached skill level 1 in Fighting
   772 | D:2      | Reached XP level 3. HP: 26/27 MP: 0/0
   772 | D:2      | Learned a level 1 spell: Slow
   835 | D:2      | Reached XP level 4. HP: 27/33 MP: 0/0
  1726 | D:3      | Reached XP level 5. HP: 34/38 MP: 0/0
  1726 | D:3      | Learned a level 2 spell: Ensorcelled Hibernation
  1753 | D:3      | Killed from afar by an orc wizard

Illustrated notes

Levels and vault maps discovered:
D:1:      dpeg_arrival_more_subterranean_lakeside_camping, layout_basic
D:2:      layout_loops_ring
D:3:      layout_basic, nemelex_spade_bored_becter, minmay_gold_behind_fungi

Skill      XL: |  1  2  3  4 |
---------------+-------------+-----
Fighting       | 1 2 |  2.2
Spellcasting   | 4 |  4.3
Conjurations   | 4 |  4.3
Hexes          | 4 |  4.3
Summonings     | 4 |  4.3
Necromancy     | 4 |  4.3
Translocations | 4 |  4.3
Transmutations | 4 |  4.3
Fire Magic     | 4 |  4.3
Ice Magic      | 4 |  4.3
Air Magic      | 4 |  4.3
Earth Magic    | 4 |  4.3
Poison Magic   | 4 |  4.3
Dodging        | |  2.1
Stealth        | |  1.5

Action                     |  1- 3 |  4- 6 || total
---------------------------+-------+-------++-------
  Melee: Unarmed           |     8 |       ||     8
   Cast: Magic Dart        |    35 |    49 ||    84
         Searing Ray       |     4 |     2 ||     6
    Use: Potion            |       |     1 ||     1
 Armour: Robe              |     5 |     8 ||    13
  Dodge: Dodged            |    11 |     4 ||    15

Table legend: (Time is in decaauts)
 A = Elapsed time spent in this place.
 B = Non-inter-level travel time spent in this place.
 C = Inter-level travel time spent in this place.
 D = Time resting spent in this place.
 E = Time spent auto-exploring this place.
 F = Levels seen in this place.
 G = Mean time per level.
                   A        B        C        D        E       F      G
               +--------+--------+--------+--------+--------+-----+--------+
         Total |   1752 |   1715 |     37 |      0 |   1489 |   3 |  584.0 |
       Dungeon |   1752 |   1715 |     37 |      0 |   1489 |   3 |  584.0 |
               +--------+--------+--------+--------+--------+-----+--------+

Top non-repeatable levels by time:
     D:2: 897 daAuts
     D:1: 769 daAuts
     D:3: 86 daAuts
